 Dungeon Crawl Stone Soup version 0.24.0 (webtiles) character file.

Game seed: 6334880677409098818, levelgen mode: deterministic

158 Buxparty the Fighter (level 5, 0/51 HPs)
             Began as a Gnoll Wanderer on Feb 11, 2020.
             Slain by Sigmund
             ... wielding a +0 scythe
              (10 damage)
             ... on level 3 of the Dungeon.
             The game lasted 00:03:59 (2220 turns).

Buxparty the Fighter (Gnoll Wanderer)               Turns: 2220, Time: 00:03:59

Health: 0/51       AC: 15    Str: 14    XL:     5   Next: 39%
Magic:  9/9        EV:  6    Int: 15    God:
Gold:   92         SH:  0    Dex: 15    Spells: 10/10 levels left

rFire    . . .     SeeInvis .   p - +2 long sword (protect)
rCold    . . .     Gourm    .   (no shield)
rNeg     . . .     Faith    .   u - +0 chain mail
rPois    .         Spirit   .   (no helmet)
rElec    .         Reflect  .   (no cloak)
rCorr    .         Harm     .   (no gloves)
MR       .....                  (no boots)
Stlth    ..........             (no amulet)
HPRegen  0.17/turn              (no ring)
MPRegen  0.11/turn              (no ring)

@: protection aura
A: distributed training, fangs 1, strong nose
a: no special abilities


You were on level 3 of the Dungeon.
You were not hungry.

You visited 1 branch of the dungeon, and saw 3 of its levels.

You collected 92 gold pieces.

Inventory:

Hand Weapons
 a - a +2 dagger
 c - a +0 quarterstaff
 p - a +2 long sword of protection (weapon)
Missiles
 k - 29 poisoned darts (quivered)
Armour
 e - a +0 robe
 u - a +0 chain mail (worn)
Jewellery
 w - an uncursed amulet of harm {unknown}
Scrolls
 d - 2 scrolls of teleportation
 h - a scroll of identify {unknown}
 i - 2 scrolls of magic mapping {unknown}
 j - a scroll of amnesia {unknown}
 l - a scroll of noise {unknown}
 o - 2 scrolls of blinking {unknown}
 s - a scroll of fog {unknown}
 t - a scroll of enchant weapon {unknown}
Potions
 b - 2 potions of berserk rage
 g - a potion of brilliance {unknown}
 m - 3 potions of might {unknown}
 n - 2 potions of heal wounds {unknown}
 q - a potion of magic {unknown}
 r - a potion of curing {unknown}
 v - a potion of haste {unknown}
 x - a potion of agility {unknown}
Comestibles
 f - 7 rations


   Skills:
 + Level 8.6 Fighting
 + Level 1.4 Short Blades
 + Level 1.4 Long Blades
 + Level 1.4 Axes
 + Level 1.4 Maces & Flails
 + Level 1.4 Polearms
 + Level 2.9 Staves
 + Level 1.4 Slings
 + Level 1.4 Bows
 + Level 1.4 Crossbows
 + Level 1.4 Throwing
 + Level 1.4 Armour
 + Level 1.4 Dodging
 + Level 4.4 Stealth
 + Level 1.4 Shields
 + Level 1.4 Unarmed Combat
 + Level 3.1 Spellcasting
 + Level 1.1 Conjurations
 + Level 1.1 Hexes
 + Level 2.3 Charms
 + Level 2.3 Summonings
 + Level 1.1 Necromancy
 + Level 1.1 Translocations
 + Level 1.1 Transmutations
 + Level 1.1 Fire Magic
 + Level 1.1 Ice Magic
 + Level 1.1 Air Magic
 + Level 1.1 Earth Magic
 + Level 1.1 Poison Magic
 + Level 1.6 Invocations
 + Level 1.4 Evocations


You had 10 spell levels left.
You didn't know any spells.
Your spell library was empty.

Dungeon Overview and Level Annotations

Branches:
Dungeon (3/15)

Altars:

Annotations:
D:3 Sigmund


Innate Abilities, Weirdness & Mutations

Your experience applies equally to all skills.
You have very sharp teeth.
Your uncanny sense of smell can sniff out nearby items.


Message History

Your weapon exudes an aura of protection.
You hear some strange, mumbled words.
You are confused.
You bump into the rock wall.
Something hits you but does no damage.
You bump into the rock wall.
Something hits you!
* * * LOW HITPOINT WARNING * * *
You bump into the rock wall.
Something hits you.
* * * LOW HITPOINT WARNING * * *
You completely miss something.
You feel less confused.
You hear some strange, mumbled words.
A magic dart appears from out of thin air!
The magic dart hits you.
* * * LOW HITPOINT WARNING * * *
You slash something!
Your weapon exudes an aura of protection.
Something hits you but does no damage.
You miss something. Something hits you!
You die...

... .............. ..
####.#.#..... #. #....#..... #.##
#...##..(.. ..# ####...##.....
#.###.###..........### #.#
.##......##+##.........#
#.##.##.###..#.............# ####
#..<......{@.'......###....#
...##.##......#..#......# #....#
#.#..........#..##.....###....#
.##........###.#...#......##....#
.......#...# #.#......##..##....#
#†......###.#.#....##..#......
#..##.<.....#......##..#......
#..................##..#......
#..##.#.###........##..#......


There were no monsters in sight!

Vanquished Creatures
  6 gnolls
  4 adders
  2 worms (D:3)
  A dart slug (D:1)
  A leopard gecko (D:2)
  An orc (D:3)
  9 bats
  2 giant cockroaches
  5 goblins
  6 hobgoblins
  7 jackals
  6 kobolds
  A quokka (D:2)
  6 frilled lizards
  2 rats (D:1)
59 creatures vanquished.

Notes
Turn   | Place    | Note
-------+----------+-------------------------------------------
     0 | D:1      | Buxparty the Gnoll Wanderer began the quest for the Orb.
     0 | D:1      | Buxparty set off with the following items: a +2 dagger, a
                  | potion of berserk rage, a +0 quarterstaff, a scroll of
                  | teleportation, a +0 robe, a ration
     0 | D:1      | Reached XP level 1. HP: 26/26 MP: 4/4
     0 | D:1      | Noticed a gargoyle
     2 | D:1      | Noticed a felid
     4 | D:1      | Noticed an ogre
     9 | D:1      | Noticed an octopode
    12 | D:1      | Noticed a merfolk zombie
    14 | D:1      | Noticed a minotaur
    15 | D:1      | Noticed a human
    22 | D:1      | Noticed a human
    24 | D:1      | Noticed an octopode
   139 | D:1      | Reached XP level 2. HP: 21/33 MP: 5/5
  1014 | D:2      | Reached XP level 3. HP: 38/38 MP: 7/7
  1052 | D:2      | Reached skill level 1 in Invocations
  1057 | D:2      | Reached skill level 1 in Short Blades
  1057 | D:2      | Reached skill level 1 in Long Blades
  1057 | D:2      | Reached skill level 1 in Axes
  1057 | D:2      | Reached skill level 1 in Maces & Flails
  1057 | D:2      | Reached skill level 1 in Polearms
  1057 | D:2      | Reached skill level 1 in Slings
  1057 | D:2      | Reached skill level 1 in Bows
  1057 | D:2      | Reached skill level 1 in Crossbows
  1057 | D:2      | Reached skill level 1 in Throwing
  1057 | D:2      | Reached skill level 1 in Armour
  1057 | D:2      | Reached skill level 1 in Dodging
  1057 | D:2      | Reached skill level 1 in Shields
  1057 | D:2      | Reached skill level 1 in Unarmed Combat
  1057 | D:2      | Reached skill level 1 in Evocations
  1057 | D:2      | Reached XP level 4. HP: 13/45 MP: 8/8
  1847 | D:3      | Reached skill level 1 in Conjurations
  1847 | D:3      | Reached skill level 1 in Hexes
  1847 | D:3      | Reached skill level 1 in Necromancy
  1847 | D:3      | Reached skill level 1 in Translocations
  1847 | D:3      | Reached skill level 1 in Transmutations
  1847 | D:3      | Reached skill level 1 in Fire Magic
  1847 | D:3      | Reached skill level 1 in Ice Magic
  1847 | D:3      | Reached skill level 1 in Air Magic
  1847 | D:3      | Reached skill level 1 in Earth Magic
  1847 | D:3      | Reached skill level 1 in Poison Magic
  1974 | D:3      | Reached XP level 5. HP: 33/51 MP: 9/9
  2195 | D:3      | Noticed Sigmund
  2220 | D:3      | Slain by Sigmund

Levels and vault maps discovered:
D:1:      shiori_arrival_whats_in_store_for_you, layout_basic
D:2:      layout_loops_ring
D:3:      lemuel_castle_with_subvaults [lemuel_castle_interior_carwin_1],
          layout_basic, trog_wizard, uniq_sigmund, uniq_robin,
          uniq_crazy_yiuf_cottage
